 Dungeon Crawl Stone Soup version 0.25-a0-1024-gbfbf38f2cb (webtiles) character file.

Game seed: 5757661381092941600, levelgen mode: deterministic

58 Flugslaktarn the Skirmisher (level 4, -5/37 HPs)
             Began as a Barachi Fighter on May 12, 2020.
             Slain by a two-headed ogre
             ... wielding a +0 giant club
              (13 damage)
             ... on level 3 of the Dungeon.
             The game lasted 00:01:01 (2073 turns).

Flugslaktarn the Skirmisher (Barachi Fighter)       Turns: 2073, Time: 00:01:01

Health: -5/37      AC: 15    Str: 18    XL:     4   Next: 2%
Magic:  4/4        EV:  3    Int:  8    God:
Gold:   70         SH: 10    Dex: 12    Spells: 3/3 levels left

rFire    . . .     SeeInvis .   a - +0 war axe
rCold    . . .     Gourm    .   c - +1 kite shield
rNeg     . . .     Faith    .   m - +0 plate armour
rPois    .         Spirit   .   (no helmet)
rElec    .         Reflect  .   (no cloak)
rCorr    .         Harm     .   b - +2 pair of gloves
MR       .....                  (no boots)
Stlth    ..........             (no amulet)
HPRegen  0.12/turn              (no ring)
MPRegen  0.09/turn              (no ring)

@: lightly drained, slow
A: +LOS, swims, slowness 1, strong legs 1
a: Hop


You were on level 3 of the Dungeon.
You were not hungry.

You visited 1 branch of the dungeon, and saw 3 of its levels.

You collected 70 gold pieces.

Inventory:

Hand Weapons
 a - a +0 war axe (weapon)
Armour
 b - a +2 pair of gloves (worn)
   (You found it on level 2 of the Dungeon)
 c - a +1 kite shield (worn)
 m - a +0 plate armour (worn)
   (You found it on level 2 of the Dungeon)
Wands
 i - a wand of iceblast (12)
   (You found it on level 2 of the Dungeon)
Scrolls
 f - a scroll of immolation
 j - a scroll of fear
 l - a scroll of enchant weapon
 t - a scroll of teleportation
 z - a scroll of blinking
Potions
 d - 2 potions of might
 n - a potion of lignification
 p - a potion of brilliance
Comestibles
 e - 3 rations


   Skills:
 + Level 4.2(4.1) Fighting
 * Level 3.3 Axes
 + Level 4.1 Armour
 + Level 3.7 Shields


You had 3 spell levels left.
You didn't know any spells.
Your spell library was empty.

Dungeon Overview and Level Annotations

Branches:
Dungeon (3/15)

Altars:
Trog

Annotations:
D:3 Sigmund


Innate Abilities, Weirdness & Mutations

You can be seen from farther away. (+LOS)
You can swim through water.
You cover ground slowly.
You can hop short distances.


Message History

A jackal zombie comes into view.
Sigmund hits you from afar with a +0 scythe.
You block the orc's attack.
The two-headed ogre hits you with a +0 giant club!
You block the two-headed ogre's attack.
The orc wizard mumbles some strange words.
The orc wizard blinks!
An orc comes into view. It is wielding a +0 club.
The jackal zombie moves out of view.
You slash the orc!
You kill the orc!
You have reached level 4!
You feel agile.
You hit the two-headed ogre.
An orc comes into view. It is wielding a +0 hand axe.
Sigmund hits you from afar with a +0 scythe.
* * * LOW HITPOINT WARNING * * *
An orc comes into view. It is wielding a +0 flail.
The two-headed ogre hits you with a +0 giant club!
You die...

...o..o.....
.....o.... #....Z...#
. ........ ####..
...... ....... ..###
#.#.. ..#....
......#.#@#####....[..
........))............
....[#O@.............
.............<........
.....%............#...
....###...............
... #..#.............
.. ....###########.##.
...## .. .## ## .


You could see a two-headed ogre, Sigmund, 3 orcs and a jackal zombie.

Vanquished Creatures
  2 adders (D:2)
  A worm (D:2)
  A dart slug (D:1)
  An orc (D:3)
  A ball python (D:1)
  4 bats
  3 giant cockroaches
  4 hobgoblins
  A jackal (D:2)
  2 frilled lizards
  3 goblins (D:2)
  8 kobolds
  3 rats
34 creatures vanquished.

Notes
Turn   | Place    | Note
-------+----------+-------------------------------------------
     0 | D:1      | Flugslaktarn the Barachi Fighter began the quest for the
                  | Orb.
     0 | D:1      | Reached XP level 1. HP: 18/18 MP: 1/1
   144 | D:1      | Reached XP level 2. HP: 25/25 MP: 2/2
   984 | D:2      | Reached XP level 3. HP: 25/30 MP: 3/3
  1756 | D:2      | Found a bloodstained altar of Trog.
  2066 | D:3      | Noticed Sigmund
  2067 | D:3      | Noticed a two-headed ogre
  2073 | D:3      | Reached XP level 4. HP: 14/37 MP: 4/4
  2073 | D:3      | Slain by a two-headed ogre

Illustrated notes

Levels and vault maps discovered:
D:1:      dpeg_arrival_orchard, layout_loops_cross
D:2:      wad_river_or_something, layout_basic, bloody_trog
D:3:      layout_rooms, serial_undead, serial_undead_d, serial_undead_a,
          serial_undead_d, serial_undead_f, uniq_sigmund

Skill      XL: |  1  2 |
---------------+-------+-----
Fighting       | 4 |  4.2
Axes           | 3 |  3.3
Armour         | 4 |  4.1
Shields        | |  3.7

Action                   |  1- 3 |  4- 6 || total
-------------------------+-------+-------++-------
Melee: War axe           |   133 |       ||   133
  Use: Scroll            |     9 |       ||     9
  Eat: Chunk             |     4 |       ||     4
       Ration            |     1 |       ||     1
Armor: Scale mail        |    62 |       ||    62
       Plate armour      |     6 |       ||     6
Dodge: Dodged            |    33 |       ||    33
Block: Kite shield       |    88 |       ||    88

Table legend:
 A = Non-vault XP
 B = Vault XP
 C = Vault XP percentage of total XP
 D = Non-vault monster count
 E = Vault monster count
 F = Vault count percentage of total count
                 A         B        C        D         E       F
            +---------+---------+-------+---------+---------+-------
      Total |      58 |      26 |  31.0 |      25 |       9 |  26.5
            +---------+---------+-------+---------+---------+-------
        D:1 |      24 |       0 |   0.0 |      13 |       0 |   0.0
        D:2 |      28 |      26 |  48.1 |       9 |       9 |  50.0
        D:3 |       6 |       0 |   0.0 |       3 |       0 |   0.0
            +---------+---------+-------+---------+---------+-------
